 Dungeon Crawl Stone Soup version 0.30-a0-476-g330ca2eb8e (webtiles) character file.

Game seed: 16387187120049239782

54 NinjaNoafa the Grasshopper (level 3, -4/31 HPs)
             Began as a Gnoll Warper on Dec 21, 2022.
             Killed from afar by Terence (17 damage)
             ... with a bolt of dispelling energy
             ... on level 2 of the Dungeon.
             The game lasted 00:08:03 (1115 turns).

NinjaNoafa the Grasshopper (Gnoll Warper)           Turns: 1115, Time: 00:08:03

Health: -4/31      AC:  3    Str: 12    XL:     3   Next: 91%
Magic:  4/9        EV: 12    Int: 12    God:
Gold:   88         SH:  0    Dex: 11    Spells: 4/12 levels left

rFire   . . .      SeeInvis .    o - +0 great mace
rCold   . . .      Faith    .    (shield currently unavailable)
rNeg    . . .      Spirit   .    b - +0 leather armour
rPois   .          Reflect  .    (no helmet)
rElec   .          Harm     .    (no cloak)
rCorr   +          Rampage  .    (no gloves)
Will    .....                    (no boots)
Stlth   +.........               (no amulet)
HPRegen 0.25/turn                h - ring of resist corrosion
MPRegen 0.11/turn                (no ring)

@: no status effects
A: fangs 1, strong nose, distributed training
a: no special abilities


You were on level 2 of the Dungeon.
You visited 1 branch of the dungeon, and saw 2 of its levels.

You collected 88 gold pieces.

Inventory:

Hand Weapons
 a - a +0 mace
 o - a +0 great mace (weapon)
Missiles
 d - 7 boomerangs of dispersal
 j - a poisoned dart (quivered)
Armour
 b - a +0 leather armour (worn)
Jewellery
 h - a ring of resist corrosion (left hand)
Scrolls
 c - a scroll of blinking
 i - a scroll of identify {unknown}
 k - a scroll of teleportation {unknown}
 m - a scroll of poison {unknown}
Potions
 e - a potion of attraction {unknown}
 f - a potion of flight {unknown}
 g - a potion of curing {unknown}
 l - a potion of lignification {unknown}
 n - 2 potions of brilliance {unknown}


   Skills:
 + Level 4.6 Fighting
 + Level 1.0 Short Blades
 + Level 1.0 Long Blades
 + Level 1.0 Axes
 + Level 4.6 Maces & Flails
 + Level 1.0 Polearms
 + Level 1.0 Staves
 + Level 1.0 Ranged Weapons
 + Level 2.7 Throwing
 + Level 2.7 Armour
 + Level 4.6 Dodging
 + Level 1.0 Stealth
 + Level 1.0 Shields
 + Level 1.0 Unarmed Combat
 + Level 5.0 Spellcasting
 + Level 0.7 Conjurations
 + Level 0.7 Hexes
 + Level 0.7 Summonings
 + Level 0.7 Necromancy
 + Level 5.4 Translocations
 + Level 0.7 Transmutations
 + Level 0.7 Fire Magic
 + Level 0.7 Ice Magic
 + Level 0.7 Air Magic
 + Level 0.7 Earth Magic
 + Level 0.7 Poison Magic
 + Level 1.1 Invocations
 + Level 1.0 Evocations


You had 4 spell levels left.
You knew the following spells:

 Your Spells              Type           Power      Damage    Failure   Level
a - Blink                 Tloc           32%        N/A       4%          2
b - Lesser Beckoning      Tloc           32%        N/A       9%          3
c - Teleport Other        Tloc           16%        N/A       9%          3

Your spell library contained the following spells:

 Spells                   Type           Power      Damage    Failure   Level
 Apportation              Tloc           32%        N/A       2%          1
 Vhi's Electric Charge    Tloc/Air       20%        N/A       22%         3
 Manifold Assault         Tloc           16%        N/A       26%         4
 Alistair's Intoxication  Tmut/Pois      2%         N/A       99%         5


Dungeon Overview and Level Annotations

Branches:
Dungeon (2/15)

Altars:

Annotations:
D:2 Terence


Innate Abilities, Weirdness & Mutations

You have very sharp teeth.
Your uncanny sense of smell can sniff out nearby items.
Your experience applies equally to all skills.


Message History

A hobgoblin comes into view.
You see here a poisoned dart.
A hobgoblin is nearby!
Cast which spell? (? or * to list)
Aiming: Lesser Beckoning (quite dangerous; 9% risk of failure)
Press: ? - help, Shift-Dir - straight line, f - hobgoblin
Aim: a hobgoblin (asleep, 100% to hit)
The hobgoblin shouts!
The hobgoblin hurls suddenly forward!
The hobgoblin hits you.
You closely miss the hobgoblin. The hobgoblin hits you.
The hobgoblin hits you but does no damage.
Terence the Incautious comes into view.
He is wielding a +0 flail and carrying a wand of quicksilver (3).
You barely miss the hobgoblin.
The hobgoblin hits you but does no damage.
Terence shouts!
You sock the hobgoblin!
You kill the hobgoblin!
Terence zaps a wand.
The bolt of dispelling energy misses you.
You see here a hobgoblin corpse.
You see here a poisoned dart.
Casting: Lesser Beckoning (quite dangerous; 9% risk of failure)
Confirm with . or Enter, or press ? or * to list all spells.
Aiming: Lesser Beckoning (quite dangerous; 9% risk of failure)
Press: ? - help, Shift-Dir - straight line, f - Terence
Aim: Terence, wielding a +0 flail, wearing a +0 ring mail and carrying a wand of quicksilver (2) (100% to hit)
Terence hurls suddenly forward!
Terence barely misses you.
You sock Terence! You bite Terence, but do no damage.
Terence is moderately wounded.
Terence closely misses you.
You sock Terence!
Terence is almost dead.
Terence zaps a wand.
The bolt of dispelling energy hits you!
Ouch! That really hurt!
Terence closely misses you.
You closely miss Terence.
Terence is almost dead.
Terence zaps a wand.
The bolt of dispelling energy hits you!
Ouch! That really hurt!
You die...

#....#.#..#.
###.......... .
#.......#.#.# # ..
#...........#.#
..##.............#
.........#........
#..(#..#......#
#...@.†.......#
#..†#@..#######
#...#.††#<#
#...#...#.#
#...#..$#.#
#####...#.# #
#...#.#####.#
######...#.......#
..................


You could see Terence.

Vanquished Creatures
  2 adders (D:2)
  3 dart slugs (D:1)
  4 ball pythons
  2 bats (D:2)
  4 endoplasms
  A giant cockroach (D:1)
  3 goblins (D:1)
  3 hobgoblins
  A quokka (D:1)
  2 frilled lizards (D:1)
  A kobold (D:1)
  2 rats (D:1)
28 creatures vanquished.

Notes
Turn   | Place    | Note
-------+----------+-------------------------------------------
     0 | D:1      | NinjaNoafa the Gnoll Warper began the quest for the Orb.
     0 | D:1      | Reached XP level 1. HP: 20/20 MP: 6/6
   262 | D:2      | Reached XP level 2. HP: 18/26 MP: 7/7
   551 | D:1      | Reached skill level 5 in Spellcasting
   551 | D:1      | Reached XP level 3. HP: 31/31 MP: 7/9
   687 | D:1      | Learned a level 2 spell: Blink
   691 | D:1      | Learned a level 3 spell: Lesser Beckoning
   695 | D:1      | Learned a level 3 spell: Teleport Other
   725 | D:1      | Reached skill level 1 in Invocations
  1096 | D:2      | Reached skill level 1 in Short Blades
  1096 | D:2      | Reached skill level 1 in Long Blades
  1096 | D:2      | Reached skill level 1 in Axes
  1096 | D:2      | Reached skill level 1 in Polearms
  1096 | D:2      | Reached skill level 1 in Staves
  1096 | D:2      | Reached skill level 1 in Ranged Weapons
  1096 | D:2      | Reached skill level 1 in Stealth
  1096 | D:2      | Reached skill level 1 in Shields
  1096 | D:2      | Reached skill level 1 in Unarmed Combat
  1096 | D:2      | Reached skill level 1 in Evocations
  1107 | D:2      | Noticed Terence
  1115 | D:2      | Killed from afar by Terence

Illustrated notes

Levels and vault maps discovered:
D:1:      reono_arrival_mine, layout_loops_ring, kennysheep_doodads
D:2:      layout_basic, basic_altar, uniq_sigmund, uniq_terence

Skill      XL: |  1  2  3 |
---------------+----------+-----
Spellcasting   | 5 |  5.0
Invocations    | 1 |  1.1
Short Blades   | 1 |  1.0
Long Blades    | 1 |  1.0
Axes           | 1 |  1.0
Polearms       | 1 |  1.0
Staves         | 1 |  1.0
Ranged Weapons | 1 |  1.0
Stealth        | 1 |  1.0
Shields        | 1 |  1.0
Unarmed Combat | 1 |  1.0
Evocations     | 1 |  1.0
Fighting       | |  4.6
Maces & Flails | |  4.6
Throwing       | |  2.7
Armour         | |  2.7
Dodging        | |  4.6
Conjurations   | |  0.7
Hexes          | |  0.7
Summonings     | |  0.7
Necromancy     | |  0.7
Translocations | |  5.4
Transmutations | |  0.7
Fire Magic     | |  0.7
Ice Magic      | |  0.7
Air Magic      | |  0.7
Earth Magic    | |  0.7
Poison Magic   | |  0.7

Action                   || total
-------------------------++-------
Melee: Mace              ||    85
       Bite              ||    11
       Great mace        ||    10
Throw: Dart              ||     2
 Cast: Lesser Beckoning  ||     4
Armor: Leather armour    ||    24
Dodge: Dodged            ||    67

Table legend: (Time is in decaauts)
 A = Elapsed time spent in this place.
 B = Non-inter-level travel time spent in this place.
 C = Inter-level travel time spent in this place.
 D = Time resting spent in this place.
 E = Time spent auto-exploring this place.
 F = Levels seen in this place.
 G = Mean time per level.
                   A        B        C        D        E       F      G
               +--------+--------+--------+--------+--------+-----+--------+
         Total |   1134 |   1071 |     63 |      0 |    756 |   2 |  567.0 |
       Dungeon |   1134 |   1071 |     63 |      0 |    756 |   2 |  567.0 |
               +--------+--------+--------+--------+--------+-----+--------+

Top non-repeatable levels by time:
     D:1: 992 daAuts
     D:2: 141 daAuts
